 Dungeon Crawl Stone Soup version 0.18.1-48-g4cf74bf (webtiles) character file.

123 nikopol the Chopper (level 5, -7/47 HPs)
             Began as a Hill Orc Berserker on Aug 9, 2016.
             Was a Believer of Trog.
             Mangled by nikopol's ghost (9 damage)
             ... on level 3 of the Dungeon.
             The game lasted 00:04:44 (2336 turns).

nikopol the Chopper (Hill Orc Berserker)            Turns: 2336, Time: 00:04:45

Health: -7/47      AC:  9    Str: 21    XL:     5   Next: 7%
Magic:  5/5        EV:  8    Int:  7    God:    Trog [**....]
Gold:   111        SH:  0    Dex: 10    Spells: 0 memorised, 4 levels left

rFire  . . .     SeeInvis .     a - +0 hand axe
rCold  . . .     Gourm    .     k - +0 chain mail
rNeg   . . .     Faith    .     (no shield)
rPois  +         Spirit   .     (no helmet)
rElec  .         Dismiss  .     (no cloak)
rCorr  .         Reflect  .     (no gloves)
SustAt .         Harm     .     (no boots)
MR     .....     Rnd*Tele +     (no amulet)
Stlth  ..........               i - ring of teleportation (curse)
                                h - ring of poison resistance

@: exhausted, starving, slowed, very slow, not resistant to hostile
enchantments, extremely unstealthy
A: no striking features
a: Berserk, Trog's Hand, Burn Spellbooks, Renounce Religion


You were on level 3 of the Dungeon.
You worshipped Trog.
Trog was pleased with you.
You were starving.

You visited 1 branch of the dungeon, and saw 3 of its levels.

You collected 111 gold pieces.

Inventory:

Hand Weapons
 a - a +0 hand axe (weapon)
Missiles
 p - 49 arrows
Armour
 b - a +0 animal skin
 k - a +0 chain mail (worn)
Jewellery
 h - a ring of poison resistance (left hand)
 i - a cursed ring of teleportation (right hand)
 j - an uncursed ring of see invisible
 l - an uncursed ring of flight
 v - an uncursed ring of protection from cold
Scrolls
 e - 3 scrolls of identify {unknown}
 m - a scroll of enchant weapon {unknown}
 n - a scroll of remove curse {unknown}
 o - 3 scrolls of fear {unknown}
 q - a scroll of enchant armour {unknown}
 t - a scroll of random uselessness {unknown}
 u - a scroll of immolation {unknown}
Potions
 d - a potion of lignification {unknown}
 g - a potion of heal wounds
 r - a potion of brilliance {unknown}
 s - a potion of ambrosia {unknown}
Comestibles
 c - a bread ration
 f - 2 beef jerkies


   Skills:
 + Level 4.6 Fighting
 + Level 5.2 Axes
 + Level 3.2 Armour
 + Level 2.3 Dodging


You had 4 spell levels left.
You didn't know any spells.

Dungeon Overview and Level Annotations

Branches:
Dungeon (3/15)

Altars:
Okawaru
Qazlal

Annotations:
D:3 nikopol's ghost, amateur HOBe


Message History

You closely miss nikopol's ghost.
Nikopol's ghost is almost destroyed.
Nikopol's ghost hits you. Nikopol's ghost hits you!
* * * LOW HITPOINT WARNING * * *
You hit nikopol's ghost.
Nikopol's ghost is almost destroyed.
Nikopol's ghost hits you.
* * * LOW HITPOINT WARNING * * *
You barely miss nikopol's ghost.
Nikopol's ghost is almost destroyed.
Nikopol's ghost hits you.
* * * LOW HITPOINT WARNING * * *
Nikopol's ghost hits you but does no damage.
You barely miss nikopol's ghost.
Nikopol's ghost is almost destroyed.
Nikopol's ghost closely misses you.
You hit nikopol's ghost but do no damage.
Nikopol's ghost is almost destroyed.
Nikopol's ghost hits you!
You die...

# ####.#
.....#.
....?..
####....#..
#.@W.......
#.##....#..
#.# ....#
#.# .......
#.# ......#
#.# ..$....
#.# .....#.
#<# .....#
###


You could see nikopol's ghost.

Vanquished Creatures
  Jessica (D:2)
  3 gnolls (D:2)
  2 adders (D:2)
  2 worms
  A dart slug (D:1)
  A giant gecko (D:2)
  A ball python (D:1)
  4 bats
  3 giant cockroaches
  2 goblins (D:2)
  3 hobgoblins (D:1)
  4 jackals (D:2)
  4 kobolds
  3 quokkas (D:2)
  3 giant newts
  6 rats
  2 plants (D:2)
45 creatures vanquished.

Notes
Turn   | Place    | Note
--------------------------------------------------------------
     0 | D:1      | nikopol the Hill Orc Berserker began the quest for the Orb.
     0 | D:1      | Reached XP level 1. HP: 19/19 MP: 1/1
    36 | D:1      | Reached XP level 2. HP: 7/27 MP: 2/2
   889 | D:2      | Found a stormy altar of Qazlal.
   893 | D:2      | Noticed Jessica
   901 | D:2      | Killed Jessica
   901 | D:2      | Reached XP level 3. HP: 16/33 MP: 3/3
  1114 | D:2      | Reached ** piety under Trog
  1228 | D:2      | Reached XP level 4. HP: 25/40 MP: 4/4
  1794 | D:2      | Found an iron altar of Okawaru.
  1872 | D:2      | Reached skill level 5 in Axes
  1898 | D:2      | Reached XP level 5. HP: 38/47 MP: 5/5
  2302 | D:3      | Noticed nikopol's ghost (amateur HOBe)
  2334 | D:3      | HP: 2/47 [nikopol's ghost (2)]
  2336 | D:3      | Mangled by nikopol's ghost

Skill      XL: |  1  2  3  4 |
---------------+-------------+-----
Fighting       | 4 |  4.6
Dodging        | 2 |  2.3
Armour         | 3 |  3.2
Axes           | 5 |  5.2

Action                   |  1- 3 |  4- 6 || total
-------------------------+-------+-------++-------
Melee: Hand axe          |   102 |   193 ||   295
Invok: Berserk           |     1 |     1 ||     2
  Use: Potion            |       |     1 ||     1
  Eat: Chunk             |     2 |     3 ||     5
Armor: Animal skin       |     6 |       ||     6
       Chain mail        |    47 |    55 ||   102
Dodge: Dodged            |    52 |    48 ||   100
